Unix NetHack Version 5.0.0-0 post-release - last build Jul 19 2026 19:10:59 (3aa4ab31751d3886436d94b585a96704892fd477,branch:main).

Game began 2026-07-20 08:46:16, ended 2026-07-20 10:35:19.

Jandor, neutral male human Wizard

           ------------
           |..........|                              -----------        ------
           |........<..##                            |.........|        |....|
           |..........|##                         ###-..........#       |....|
           -.---------- #  -----                 ##  |.........|#      #.....|
            #           ###|...|          ########   -----------#      #|....|
            #             #.....#[#########                     #     )#|...>|
            #             #|...|                                #    ## |..(.|
         #  #             #|...|                       #        #   ##  ------
        -|--.-            #-#---                        #      ###a@#
        |....|            ####     ##############################
        |.....#####        #######    ------          ----.---###
        |..>.|    #######*##*    ###  |.....#     ####...*...|###
        |....|                     ###.....|#######   |..*...|###
        |....|                        |....|    #     |......|###   -----
        |....|                        |....|  ###     |.......######....|
        ------                        |....-###       |......|  #   |...|
                                      |....|          |......|  ###%....|
                                      ------          --------      -----

Jandor the Thaumaturge    St:10 Dx:12 Co:16 In:18 Wi:10 Ch:12  Neutral
Dlvl:4  $:235 HP:0(52) Pw:19(33) AC:3  Xp:6 T:5137  Fainted  Burdened Deaf

Latest messages:
 You miss the manes.
 You miss the manes.
 The manes hits!
 The manes misses!
 The manes misses!
 You miss the manes.
 The manes misses!
 The manes hits!
 The manes just misses!
 You hit the manes.
 You destroy the manes!
 You hear a crunching sound.
 There are several objects here.
 You climb up the stairs.
 You see here an orcish helm.
 You see here an orcish helm.
 Wizard needs food, badly!
 You faint from lack of food.
 The giant ant bites!
 The giant ant bites!
 The giant ant bites!
 The giant ant bites!
 The giant ant bites!
 The giant ant bites!
 The giant ant bites!
 The giant ant bites!
 The giant ant bites!
 The giant ant bites!
 The giant ant bites!
 The giant ant just misses!
 The giant ant bites!
 The giant ant bites!
 The giant ant bites!
 You regain consciousness.
 The giant ant bites!
 The giant ant bites!
 You can hear again.
 You are too hungry to cast that spell.
 You miss the giant ant.
 The giant ant bites!
 You faint from lack of food.
 The giant ant bites!
 The giant ant bites!
 The giant ant bites!
 You die...
 Do you want your possessions identified? [ynq] (y) y
 Do you want to see your attributes? [ynq] (y) y
 Do you want an account of creatures vanquished? [ynaq] (y) y
 Do you want to see your conduct and achievements? [ynq] (y) y
 Do you want to see the dungeon overview? [ynq] (y) y

Inventory:
 Coins    ('$')
  $ - 235 gold pieces
 Weapons  (')')
  i - a +0 dagger
  h - a +0 elven dagger (weapon in right hand)
  g - a +0 orcish dagger
  a - a blessed +1 quarterstaff
 Armor    ('[')
  p - a blessed +1 orcish helm (being worn)
  T - an uncursed +0 pair of iron shoes
  b - an uncursed +0 cloak of magic resistance (being worn)
  y - an uncursed +1 studded leather armor (being worn)
 Comestibles  ('%')
  X - 2 uncursed cram rations
  u - 3 uncursed food rations
 Spellbooks  ('+')
  l - an uncursed spellbook of extra healing
 Potions  ('!')
  f - 4 uncursed potions of healing
 Rings    ('=')
  d - an uncursed ring of invisibility
  e - an uncursed ring of teleport control
 Wands    ('/')
  Z - a wand of cold (0:7)
  W - a wand of magic missile (0:3)
  c - a wand of striking (0:4)
 Tools    ('(')
  k - an uncursed mirror
  V - a +0 pick-axe
  F - an uncursed skeleton key
 Gems/Stones  ('*')
  m - an uncursed worthless piece of yellow glass

Jandor the Wizard's attributes:

Background:
 You were a Thaumaturge, a level 6 male human Wizard.
 You were neutral, nominally on a mission for Thoth
 who was opposed by Ptah (lawful) and Anhur (chaotic).
 You were right-handed.
 You were in the Dungeons of Doom, on level 4.
 You entered the dungeon 5137 turns ago.
 You had 466 experience points, 174 more were needed to attain level 7.

Basics:
 You had 0 out of 52 hit points.
 You had 19 out of 33 energy points (spell power).
 Your armor class was 3.
 Your wallet contained 235 zorkmids.
 Autopickup was off.

Final Characteristics:
 Your strength was 10 (base:11, limit:18/100).
 Your dexterity was 12 (limit:18).
 Your constitution was 16 (limit:18).
 Your intelligence was 18 (limit:18).
 Your wisdom was 10 (limit:18).
 Your charisma was 12 (limit:18).

Final Status:
 You were deaf.
 You were fainted due to starvation.
 You were burdened; movement was slightly slowed.
 You were wielding a dagger.
 You had basic skill with dagger.

Final Attributes:
 You were piously aligned.
 You were magic-protected.
 You were warded.
 You are dead.

Miscellaneous:
 You didn't encounter any bones levels.
 Total elapsed playing time was 1 hour, 47 minutes and 6 seconds.

Major events:
 Turn
    1: Jandor the neutral male human Wizard entered the dungeon
 1224: attained the rank of Conjurer (level 3)
 3571: entered the Gnomish Mines
 4070: attained the rank of Thaumaturge (level 6)
 5137: killed by a giant ant, while fainted from lack of food

Spells:
 Name                 Level Category     Fail Retention
 force bolt             1   attack         0%   71%-80%
 slow monster           2   enchantment    0%   71%-80%

Skills:
 Fighting Skills
   bare handed combat [Unskilled]
   riding             [Unskilled]
 Weapon Skills
   dagger             [Basic]
   knife              [Unskilled]
   axe                [Unskilled]
   short sword        [Unskilled]
   club               [Unskilled]
   mace               [Unskilled]
   quarterstaff       [Basic]
   polearms           [Unskilled]
   spear              [Unskilled]
   trident            [Unskilled]
   sling              [Unskilled]
   dart               [Unskilled]
   shuriken           [Unskilled]
 Spellcasting Skills
   attack spells      [Basic]
   healing spells     [Unskilled]
   divination spells  [Unskilled]
   enchantment spells [Basic]
   clerical spells    [Unskilled]
   escape spells      [Unskilled]
   matter spells      [Unskilled]

Voluntary challenges:
 Character rerolling was not enabled.
 You were an atheist.
 You never genocided any monsters.
 You never polymorphed an object.
 You never changed form.
 You used no wishes.
Achievements:
 You entered a shop.
 You attained the rank of Conjurer.
 You entered the Gnomish Mines.
 You attained the rank of Thaumaturge.

 The Dungeons of Doom: levels 1 to 6
    Level 1:
       A grave.
    Level 2:
       A general store, a fountain.
    Level 3:
    Level 4: <- You were here.
       Stairs down to The Gnomish Mines.
       Final resting place for
          you, killed by a giant ant, while fainted from lack of food.
    Level 5:
       A general store.
    Level 6:
 The Gnomish Mines:
    Level 5:


Vanquished creatures:
  a small mimic
  a mountain nymph
  2 rock moles
  2 yellow lights
  2 gnome leaders
  a kobold mummy
  a giant ant
  2 floating eyes
  3 dwarves
  3 homunculi
  8 hill orcs
  a rabid rat
  a centipede
  3 dwarf zombies
 an iguana
  3 acid blobs
  3 coyotes
  2 hobbits
  9 manes
  a large kobold
  4 giant rats
  a cave spider
  a green mold
  a red mold
  8 gnomes
  4 garter snakes
  2 gnome zombies
  4 geckos
  8 jackals
  2 foxes
  a kobold
  3 goblins
  a grid bug
  5 bats
  2 lichens
  a kobold zombie
  9 newts
107 creatures vanquished.

No species were genocided or became extinct.

Game over:
                       ----------
                      /          \
                     /    REST    \
                    /      IN      \
                   /     PEACE      \
                  /                  \
                  |      Jandor      |
                  |      235 Au      |
                  |   killed by a    |
                  |    giant ant     |
                  |                  |
                  |                  |
                  |       2026       |
                 *|     *  *  *      | *
        _________)/\\_//(\/(/\)/\//\/|_)_______

Goodbye Jandor the Wizard...

You died in The Dungeons of Doom on dungeon level 4 with 2326 points,
and 235 pieces of gold, after 5137 moves.
You were level 6 with a maximum of 52 hit points when you died.

